 Dungeon Crawl Stone Soup version 0.23.2-30-g0e89c35649 (webtiles) character file.

Game seed: 13417445771467932345

13556 Folque the Geomancer (level 11, 0/79 HPs)
             Began as a Pale Draconian Earth Elementalist on June 25, 2019.
             Was a High Priest of Sif Muna.
             Slain by a vampire mosquito (8 damage)
             ... on level 13 of the Dungeon.
             The game lasted 00:57:17 (12258 turns).

Folque the Geomancer (DrEE)                        Turns: 12258, Time: 00:57:18

Health: 0/79       AC: 17    Str: 10    XL:     11   Next: 77%
Magic:  12/30      EV: 13    Int: 18    God:    Sif Muna [*****.]
Gold:   536        SH:  0    Dex: 13    Spells: 1/24 levels left

rFire    . . .     SeeInvis .   l - +3 dagger (freeze)
rCold    . . .     Gourm    .   (no shield)
rNeg     . . .     Faith    .   (armour unavailable)
rPois    .         Spirit   .   (helmet restricted)
rElec    .         Reflect  .   n - +2 cloak {+Inv}
rCorr    .         Harm     .   (no gloves)
MR       .....                  g - +1 pair of boots
Stlth    ++........             h - amulet of magic regeneration
HPRegen  0.23/turn              S - +5 ring of protection
MPRegen  0.47/turn              t - ring of magical power

@: hasted, divine energy, very quick
A: breathe steam, unfitting armour, cold-blooded, AC +7
a: Breathe Steam, Stop Divine Energy, Channel Magic, Forget Spell, Renounce
Religion, Evoke Invisibility


You were on level 13 of the Dungeon.
You worshipped Sif Muna.
Sif Muna was extremely pleased with you.
You were very hungry.

You visited 3 branches of the dungeon, and saw 15 of its levels.

You collected 536 gold pieces.

Inventory:

Hand Weapons
 d - a +0 hand axe
 l - a +3 dagger of freezing (weapon)
 m - a +0 short sword
 A - a +0 rapier of freezing
 E - a +1 falchion of flaming
Missiles
 b - 146 stones (quivered)
 B - 3 throwing nets
Armour
 g - a +1 pair of boots (worn)
 n - a +2 cloak of invisibility (worn)
 u - a scarf of resistance
 N - a +2 buckler
Jewellery
 h - an amulet of magic regeneration (around neck)
 t - a ring of magical power (right hand)
 y - an uncursed ring of stealth
 C - an uncursed ring of protection from magic
 H - a +3 ring of dexterity
 L - a +3 ring of strength
 R - an uncursed ring of ice
 S - a +5 ring of protection (left hand)
Wands
 w - a wand of digging (13)
 I - a wand of random effects (7)
 P - a wand of polymorph (7)
 T - a wand of acid (13)
Scrolls
 e - 2 scrolls of remove curse
 k - 2 scrolls of enchant weapon
 p - a scroll of noise
 r - a scroll of magic mapping
 D - a scroll of identify
 J - a scroll of fog
 M - 2 scrolls of vulnerability
 O - 3 scrolls of immolation
Potions
 a - a potion of cancellation {unknown}
 f - a potion of might {unknown}
 i - 3 potions of brilliance
 j - a potion of magic
 o - 2 potions of lignification
 q - a potion of flight {unknown}
 x - a potion of ambrosia {unknown}
Comestibles
 c - 18 rations
 Q - 12 chunks of flesh


   Skills:
 - Level 2.0 Fighting
 - Level 1.0 Short Blades
 - Level 3.2 Dodging
 - Level 1.7 Stealth
 - Level 7.1 Spellcasting
 + Level 8.7 Conjurations
 - Level 6.0 Transmutations
 - Level 4.2 Fire Magic
 * Level 11.0 Earth Magic
 - Level 7.4 Invocations
 - Level 2.6 Evocations


You had one spell level left.
You knew the following spells:

 Your Spells              Type           Power        Failure   Level  Hunger
a - Sandblast             Erth           #####.       1%          1    None
b - Passwall              Tmut/Erth      #####...     1%          2    None
c - Stone Arrow           Conj/Erth      #####.       1%          3    ##.....
d - Lee's Rapid Deconstr  Erth           #####.....   3%          5    #####..
e - Petrify               Tmut/Erth      #####...     3%          4    ####...
f - Conjure Flame         Conj/Fire      ####....     2%          3    ##.....
g - Bolt of Magma         Conj/Fire/Erth #####.....   11%         5    #####..

Your spell library contained the following spells:

 Spells                   Type           Power        Failure   Level  Hunger
 Flame Tongue             Conj/Fire      ####.        1%          1    None
 Shock                    Conj/Air       ###.         1%          1    None
 Throw Flame              Conj/Fire      ####..       1%          2    None
 Dazzling Spray           Conj/Hex       ###...       5%          3    ##.....
 Static Discharge         Conj/Air       ###.....     5%          3    ##.....
 Sticky Flame             Conj/Fire      ####....     8%          4    ####...
 Inner Flame              Hex/Fire       ##......     14%         3    ##.....
 Irradiate                Conj/Tmut      ####......   14%         5    #####..
 Swiftness                Chrm/Air       #.......     16%         2    None
 Fireball                 Conj/Fire      ####......   21%         5    #####..
 Blade Hands              Tmut           ####......   26%         5    #####..
 Iron Shot                Conj/Erth      #####.....   28%         6    #######
 Recall                   Summ/Tloc      N/A          32%         3    ##.....
 Iskenderun's Battlesphe  Conj/Chrm      ###.....     45%         5    #####..
 Lightning Bolt           Conj/Air       ###.......   45%         5    #####..
 Venom Bolt               Conj/Pois      ###.......   45%         5    #####..
 Airstrike                Air            #.........   71%         4    ####...
 Hydra Form               Tmut           ####......   80%         6    #######
 Orb of Destruction       Conj           #####.....   94%         7    #######
 Aura of Abjuration       Summ           #.........   96%         5    #####..
 Summon Demon             Summ           #.........   96%         5    #####..
 Summon Forest            Summ/Tloc      #.........   96%         5    #####..
 Summon Mana Viper        Hex/Summ       #.......     96%         5    #####..
 Shadow Creatures         Summ           N/A          100%        6    #######
 Spellforged Servitor     Conj/Summ      ###.......   100%        7    #######


Dungeon Overview and Level Annotations

Branches:
Dungeon (14/15)            Temple (1/1) D:4            Lair (2/6) D:8
  Swamp (0/4) Lair:2          Orc (0/2) D:9
  Snake: Lair:2-4    Spider: Lair:2-4    Vaults: D:13-14

Altars:
Ashenzari
Cheibriados
Dithmenos
Elyvilon
Fedhas
Gozag
Hepliaklqana
Kikubaaqudgha
Makhleb
Nemelex Xobeh
Okawaru
Qazlal
Ru
Sif Muna
Trog
Uskayaw
Vehumet
Wu Jian
Xom
Yredelemnul
Zin
The Shining One

Shops:
D:5 }   D:7 *   D:8 *=([*

Annotations:
D:7 2 transporters, Folque's ghost, novice OpWz
Lair:1 Grum
Lair:2 1 runed translucent door, funkygono's ghost, journeyman DrCj


Innate Abilities, Weirdness & Mutations

You can breathe blasts of scalding, opaque steam.
Your pale cyan-grey scales are hard. (AC +7)
You cannot fit into any form of body armour.
You are cold-blooded and may be slowed by cold attacks.


Message History

You feel less vulnerable to hostile enchantments.
You climb upwards.
The vampire mosquito bites you but does no damage.
The vampire mosquito bites you.
* * * LOW HITPOINT WARNING * * *
The vampire mosquito draws strength from your injuries!
The soldier ant barely misses you.
The deep elf mage gestures wildly while chanting.
The eye of draining gazes at you.
You feel your power leaking away. The jelly completely misses you.
There is a stone staircase leading down, spattered with blood here.
The vampire mosquito bites you but does no damage. x2
The shadow hits you.
* * * LOW HITPOINT WARNING * * *
The soldier ant stings you.
* * * LOW HITPOINT WARNING * * *
The deep elf mage gestures wildly while chanting.
The vampire mosquito bites you!
You die...

### #..# #....
#....#### ## ..
#....#.J####.##.!
##..y@y.........
##...a.W.....C...
#.......c.......#
#......#G........
#....$.##..5......
....##.###E.......
........W(...Y....
.....###c..e...#..
..... #.......#.


You could see a cyclops, a deep elf mage, an eye of draining, a soldier ant, a
fire elemental, 2 vampire mosquitoes, a sky beast, a shadow, a centaur, a jelly
and a crimson imp.

Vanquished Creatures
  Harold (D:10)
  2 two-headed ogres
  Sonja (D:10)
  An unseen horror (D:10)
  An ugly thing (D:13)
  A centaur zombie (D:9)
  2 spiny frogs (Lair:1)
  A hornet (D:8)
  2 hippogriffs
  8 yaks
  2 basilisks (D:8)
  A wyvern (D:9)
  A human (D:9)
  3 hogs (D:9)
  A hungry ghost (D:7)
  2 wargs (D:9)
  2 water moccasins (Lair:2)
  5 porcupines
  A swamp drake (Lair:2)
  An orc warrior (D:4)
  6 ice beasts
  3 sky beasts
  5 black bears (D:8)
  A phantom (D:7)
  2 necrophages
  5 ogres
  3 wolves
  3 centaurs
  4 crocodiles
  7 bullfrogs
  A gnoll sergeant (D:8)
  5 scorpions
  3 killer bees (D:7)
  4 wights (D:6)
  2 howler monkeys (D:9)
  7 crimson imps
  A bullfrog zombie (D:8)
  2 hounds
  2 orc priests
  2 jellies
  Crazy Yiuf (D:3)
  A gnoll shaman (D:8)
  4 iguanas
  8 orc wizards
  3 bullfrog skeletons
  A centaur skeleton (D:8)
  3 worker ants
  A killer bee zombie (D:8)
  A hound zombie (D:7)
  A hound skeleton (D:4)
  A howler monkey zombie (D:9)
  20 gnolls
  5 adders
  A river rat (Lair:2)
  4 shadow imps
  2 adder skeletons
  A worm (D:2)
  2 dart slugs
  4 leopard geckos
  29 orcs
  2 giant cockroaches
  11 hobgoblins
  10 jackals
  4 quokkas
  6 bats
  4 frilled lizards
  8 goblins
  4 kobolds
  A quokka zombie (D:10)
  5 rats
255 creatures vanquished.

Vanquished Creatures (others)
  A plant (Lair:2)
1 creature vanquished.

Grand Total: 256 creatures vanquished

Notes
Turn   | Place    | Note
-------+----------+-------------------------------------------
     0 | D:1      | Folque the Draconian Earth Elementalist began the quest for
                  | the Orb.
     0 | D:1      | Reached XP level 1. HP: 14/14 MP: 3/3
   116 | D:1      | Reached skill level 1 in Fighting
   179 | D:1      | Reached XP level 2. HP: 18/23 MP: 5/5
   765 | D:2      | Learned a level 2 spell: Passwall
  1004 | D:2      | Found a stormy altar of Qazlal.
  1063 | D:2      | Reached XP level 3. HP: 29/29 MP: 2/6
  1072 | D:2      | Learned a level 3 spell: Stone Arrow
  1689 | D:3      | Reached skill level 1 in Conjurations
  1775 | D:3      | Reached XP level 4. HP: 22/36 MP: 4/8
  2112 | D:2      | Reached XP level 5. HP: 23/41 MP: 0/9
  2406 | D:3      | Found a runed translucent door.
  2407 | D:3      | Noticed Crazy Yiuf
  2413 | D:3      | Killed Crazy Yiuf
  2413 | D:3      | Reached skill level 4 in Earth Magic
  2674 | D:3      | Found an ornate altar of the Wu Jian Council.
  2674 | D:3      | Found a basalt altar of Yredelemnul.
  2675 | D:3      | Found an opulent altar of Gozag.
  2698 | D:4      | Found a staircase to the Ecumenical Temple.
  2738 | Temple   | Entered the Ecumenical Temple
  2921 | Temple   | Became a worshipper of Sif Muna the Loreminder
  3053 | D:4      | Reached XP level 6. HP: 48/48 MP: 6/11
  3071 | D:4      | Learned a level 5 spell: Lee's Rapid Deconstruction
  3253 | D:4      | Found a bloodstained altar of Trog.
  3355 | D:4      | Noticed an orc warrior
  3374 | D:4      | Reached skill level 5 in Earth Magic
  4036 | D:4      | Killed an orc warrior
  4219 | D:5      | Entered Level 5 of the Dungeon
  4261 | D:5      | Reached * piety under Sif Muna
  4292 | D:5      | Reached skill level 6 in Earth Magic
  4292 | D:5      | Your scales start taking on a pale cyan-grey colour.
  4292 | D:5      | Reached XP level 7. HP: 46/55 MP: 0/13
  4441 | D:5      | Found a hide-covered altar of Uskayaw.
  4447 | D:5      | Found a glowing golden altar of the Shining One.
  4447 | D:5      | Found a radiant altar of Vehumet.
  4451 | D:5      | Found a white marble altar of Elyvilon.
  4451 | D:5      | Found a basalt altar of Yredelemnul.
  4451 | D:5      | Found a shimmering altar of Xom.
  4686 | D:5      | Found Cohear's Gadget Shop.
  4841 | D:5      | Learned a level 3 spell: Conjure Flame
  5026 | D:5      | Reached skill level 1 in Short Blades
  5146 | D:6      | Reached skill level 1 in Fire Magic
  5146 | D:6      | Reached skill level 7 in Earth Magic
  5221 | D:6      | You fall through a shaft for 2 floors!
  5284 | D:8      | Reached XP level 8. HP: 43/61 MP: 0/14
  5610 | D:8      | Found Togoff's Assorted Antiques.
  5669 | D:7      | Found a glowing silver altar of Zin.
  5669 | D:7      | Found Zin's Purification Station.
  5680 | D:7      | Reached ** piety under Sif Muna
  5772 | D:6      | Reached skill level 5 in Spellcasting
  5996 | D:6      | Reached skill level 8 in Earth Magic
  6151 | D:6      | Learned a level 4 spell: Petrify
  6184 | D:6      | Reached XP level 9. HP: 67/67 MP: 9/17
  6692 | D:6      | Found an iron altar of Okawaru.
  6775 | D:7      | Reached *** piety under Sif Muna
  6838 | D:7      | Found a transporter.
  6840 | D:7      | Found a transporter.
  6844 | D:7      | Noticed Folque's ghost (novice OpWz)
  7007 | D:7      | Reached skill level 5 in Conjurations
  7058 | D:7      | Noticed a queen bee
  7442 | D:8      | Found Quhaacit's Armour Shoppe.
  7585 | D:8      | Reached skill level 1 in Invocations
  7714 | D:8      | Reached skill level 9 in Earth Magic
  7862 | D:8      | Found Wimaguxo's Weapon Shoppe.
  7867 | D:8      | Found a staircase to the Lair.
  7967 | D:8      | Found Nyvviut Vexu's Jewellery Shop.
  8122 | D:8      | Reached XP level 10. HP: 73/73 MP: 12/20
  8132 | D:8      | Learned a level 5 spell: Bolt of Magma
  8157 | D:8      | Found Kulock's General Store.
  8339 | D:8      | Reached **** piety under Sif Muna
  8515 | D:8      | Noticed a two-headed ogre
  8577 | D:8      | Killed a two-headed ogre
  8577 | D:8      | Reached skill level 5 in Invocations
  8979 | D:8      | Identified the Guide on Changing and the Rocks
  9059 | Lair:1   | Entered Level 1 of the Lair of Beasts
  9064 | Lair:1   | You fall through a shaft!
  9069 | Lair:2   | Found a runed translucent door.
  9077 | Lair:2   | Found a staircase to the Swamp.
  9202 | Lair:2   | Noticed funkygono's ghost (journeyman DrCj)
  9299 | Lair:2   | Reached skill level 5 in Transmutations
  9519 | Lair:1   | Noticed a spiny frog
  9524 | Lair:1   | Killed a spiny frog
  9528 | Lair:1   | Noticed Grum
  9534 | Lair:1   | Noticed a spiny frog
  9581 | Lair:1   | Killed a spiny frog
  9857 | D:9      | Reached XP level 11. HP: 79/79 MP: 0/21
 10139 | D:9      | Found a shadowy altar of Dithmenos.
 10139 | D:9      | Found a sparkling altar of Nemelex Xobeh.
 10181 | D:9      | Reached ***** piety under Sif Muna
 10181 | D:9      | Reached skill level 1 in Evocations
 10507 | D:9      | Found a staircase to the Orcish Mines.
 10553 | D:9      | Identified Sif Muna's Disquisition on Fetching Clay (Sif
                  | Muna gifted it to you on level 9 of the Dungeon)
 10553 | D:9      | Received a gift from Sif Muna
 10724 | D:10     | Entered Level 10 of the Dungeon
 10729 | D:10     | Noticed Harold
 10748 | D:10     | Killed Harold
 11090 | D:10     | Killed an unseen horror
 11333 | D:10     | Noticed a two-headed ogre
 11350 | D:10     | Killed a two-headed ogre
 11350 | D:10     | Reached skill level 10 in Earth Magic
 11396 | D:10     | Identified a scroll of acquirement
 11488 | D:10     | Noticed Sonja
 11831 | D:10     | Killed Sonja
 12191 | D:10     | You fall through a shaft for 3 floors!
 12196 | D:13     | Noticed a deep elf mage
 12200 | D:13     | Noticed a red ugly thing
 12209 | D:13     | Killed a red ugly thing
 12209 | D:13     | Reached skill level 11 in Earth Magic
 12258 | D:13     | Slain by a vampire mosquito

Skill      XL: |  1  2  3  4  5  6  7  8  9 10 11 |
---------------+----------------------------------+-----
Fighting       | 1 2 |  2.0
Conjurations   | 1 2 4 6 7 8 |  8.7
Spellcasting   | 3 4 5 7 |  7.1
Earth Magic    | 4 6 7 8 9 11 | 11.0
Dodging        | 2 3 |  3.2
Short Blades   | 1 |  1.0
Fire Magic     | 2 3 4 |  4.2
Invocations    | 3 7 |  7.4
Transmutations | 5 6 |  6.0
Evocations     | 2 |  2.6
Stealth        | |  1.7

Action                   |  1- 3 |  4- 6 |  7- 9 | 10-12 || total
-------------------------+-------+-------+-------+-------++-------
Melee: Hand axe          |   105 |    17 |       |       ||   122
       Tailslap          |     8 |     6 |    10 |    11 ||    35
       Unarmed           |     2 |       |       |       ||     2
       Dagger            |       |   103 |    96 |    86 ||   285
 Cast: Sandblast         |    12 |    22 |    47 |    45 ||   126
       Passwall          |     2 |     1 |       |     2 ||     5
       Stone Arrow       |     1 |    30 |    76 |    84 ||   191
       Lee's Rapid Decon |       |       |     6 |    16 ||    22
       Conjure Flame     |       |       |     5 |     5 ||    10
       Petrify           |       |       |     7 |     8 ||    15
       Bolt of Magma     |       |       |       |    19 ||    19
Invok: Divine Energy     |       |       |     2 |       ||     2
       Stop Divine Energ |       |       |     1 |       ||     1
 Abil: Breathe Steam     |       |       |     7 |     1 ||     8
  Use: Potion            |       |     4 |       |     5 ||     9
       Scroll            |       |     5 |     1 |    15 ||    21
 Stab: Sleeping          |     4 |       |     1 |     1 ||     6
       Petrified         |       |       |     3 |    15 ||    18
       Petrifying        |       |       |     1 |       ||     1
       Distracted        |       |       |       |     1 ||     1
  Eat: Chunk             |     3 |     8 |    14 |    22 ||    47
       Ration            |       |     1 |     2 |     1 ||     4
Armor: Skin              |    45 |    59 |    59 |   115 ||   278
Dodge: Dodged            |    82 |    76 |    89 |   126 ||   373
